 Dungeon Crawl Stone Soup version 0.27-a0-1196-g3e9cee4cb2 (webtiles) character file.

Game seed: 3355663565129765566

333 avis the Grave Robber (level 6, -2/49 HPs)
             Began as a Deep Dwarf Necromancer on May 29, 2021.
             Killed from afar by an orc wizard (3 damage)
             ... with a magic dart
             ... on level 2 of the Dungeon.
             The game lasted 00:20:00 (3972 turns).

avis the Grave Robber (Deep Dwarf Necromancer)      Turns: 3972, Time: 00:20:01

Health: -2/49      AC:  2    Str: 12    XL:     6   Next: 27%
Magic:  3/11       EV: 12    Int: 17    God:
Gold:   76         SH:  0    Dex: 13    Spells: 7/11 levels left

rFire    . . .     SeeInvis .   a - +0 whip (elec)
rCold    . . .     Faith    .   (no shield)
rNeg     . . .     Spirit   .   m - +0 robe
rPois    .         Reflect  .   (no helmet)
rElec    .         Harm     .   (no cloak)
rCorr    .         Rampage  .   (no gloves)
Will     +....                  (no boots)
Stlth    ++........             (no amulet)
HPRegen  0.00/turn              b - ring of willpower
MPRegen  0.12/turn              (no ring)

@: no status effects
A: damage resistance, heal wounds, sense surroundings 1, no regeneration
a: Heal Wounds


You were on level 2 of the Dungeon.
You visited 1 branch of the dungeon, and saw 4 of its levels.

You collected 76 gold pieces.

Inventory:

Hand Weapons
 a - a +0 whip of electrocution (weapon)
 c - a +0 club
 p - a +4 short sword
 q - a +2 dagger of venom
 v - a +2 spear of venom
Missiles
 f - 84 stones
 r - 60 arrows
 t - 13 poisoned darts
Armour
 e - a +0 ring mail
 m - a +0 robe (worn)
Jewellery
 b - a ring of willpower (left hand)
 g - a ring of see invisible
 h - an amulet of magic regeneration
Scrolls
 i - a scroll of brand weapon {unknown}
 l - a scroll of identify {unknown}
 n - a scroll of vulnerability {unknown}
 o - 2 scrolls of immolation {unknown}
 s - a scroll of summoning {unknown}
 u - a scroll of teleportation {unknown}
 w - a scroll of enchant weapon {unknown}
Potions
 d - a potion of flight {unknown}
 j - a potion of might {unknown}
 k - a potion of haste {unknown}


   Skills:
 + Level 2.4 Maces & Flails
 - Level 2.1 Dodging
 - Level 2.4 Stealth
 + Level 3.4 Spellcasting
 + Level 6.6 Necromancy


You had 7 spell levels left.
You knew the following spells:

 Your Spells              Type           Power      Damage    Failure   Level
a - Pain                  Necr           100%       1d9       1%          1
d - Vampiric Draining     Necr           12%        2d7       3%          3

Your spell library contained the following spells:

 Spells                   Type           Power      Damage    Failure   Level
 Animate Skeleton         Necr           50%        N/A       1%          1
 Animate Dead             Necr           12%        N/A       11%         4
 Agony                    Necr           25%        N/A       30%         5


Dungeon Overview and Level Annotations

Branches:
Dungeon (4/15)
 Temple: D:4-7

Altars:
Hepliaklqana
The Shining One

Shops:
D:2 :


Innate Abilities, Weirdness & Mutations

You are resistant to damage.
You can heal yourself by infusing magical energy.
You passively map a small area around you.
You do not regenerate.


Message History

* * * LOW HITPOINT WARNING * * *
Casting: Vampiric Draining (dangerous; 3% risk of failure)
Confirm with . or Enter, or press ? or * to list all spells.
Aiming: Vampiric Draining (dangerous; 3% risk of failure)
Press: ? - help, Shift-Dir - straight line, f - gnoll
Aim: a gnoll, wielding a +0 flail You draw life force from the gnoll!
You feel life coursing into your body.
Casting: Vampiric Draining (dangerous; 3% risk of failure)
Confirm with . or Enter, or press ? or * to list all spells.
Aiming: Vampiric Draining (dangerous; 3% risk of failure)
Press: ? - help, Shift-Dir - straight line, f/p - gnoll
Aim: a gnoll, wielding a +0 flail (severely wounded)
You draw life force from the gnoll!
You kill the gnoll!
You feel life coursing into your body.
Casting: Vampiric Draining (dangerous; 3% risk of failure)
Confirm with . or Enter, or press ? or * to list all spells.
Aiming: Vampiric Draining (dangerous; 3% risk of failure)
Press: ? - help, Shift-Dir - straight line, f - orc wizard
Aim: an orc wizard, wielding a +0 dagger and wearing a +0 robe You draw life force from the orc wizard!
You feel life coursing into your body.
The orc wizard points at itself and mumbles some strange words.
The orc wizard flickers and vanishes!
Deactivating autopickup; reactivate with Ctrl-A.
The orc priest invokes the aid of Beogh against you.
Beogh smites you!
* * * LOW HITPOINT WARNING * * *
There is a stone staircase leading up here.
Something hits you.
* * * LOW HITPOINT WARNING * * *
You climb upwards.
Reactivating autopickup.
There is a stone staircase leading down here.
Deactivating autopickup; reactivate with Ctrl-A.
You barely miss something.
You hear some strange, mumbled words.
A magic dart appears from out of thin air!
The magic dart hits you.
You die...

....# #..†.###.#
##### #.....##.#
#########.....##.#
#....#.....##..#.#
.....'.....'.#.#.#
.....#.....#.#...#
.....#.....#.##..#
.....#.....#.##..#
.#####.....#...{@#
.# #.....#######
## #.....# #######


There were no monsters in sight!

Vanquished Creatures
  A necrophage (D:4)
  A bullfrog (D:3)
  An orc wizard (D:3)
  3 gnolls
  4 adders
  3 worms
  3 dart slugs
  9 orcs (D:3)
  6 endoplasms
  A giant cockroach (D:1)
  3 goblins
  5 hobgoblins
  2 jackals (D:1)
  3 quokkas
  6 ball pythons
  8 bats
  4 frilled lizards
  4 kobolds
  6 rats
73 creatures vanquished.

Vanquished Creatures (others)
  16 plants (D:3)
16 creatures vanquished.

Grand Total: 89 creatures vanquished

Notes
Turn   | Place    | Note
-------+----------+-------------------------------------------
     0 | D:1      | avis the Deep Dwarf Necromancer began the quest for the
                  | Orb.
     0 | D:1      | Reached XP level 1. HP: 15/15 MP: 3/3
   192 | D:1      | Reached XP level 2. HP: 17/22 MP: 1/5
   423 | D:1      | Reached skill level 5 in Necromancy
   525 | D:1      | Reached XP level 3. HP: 22/28 MP: 2/6
  1361 | D:2      | Found Deibu's Book Boutique.
  1384 | D:2      | Learned a level 3 spell: Vampiric Draining
  1690 | D:2      | Reached XP level 4. HP: 35/36 MP: 2/7
  2135 | D:2      | Found a faded altar of an unknown god.
  2585 | D:3      | Reached skill level 1 in Maces & Flails
  2585 | D:3      | Reached skill level 6 in Necromancy
  2705 | D:3      | Found a hazy altar of Hepliaklqana.
  2709 | D:3      | Reached XP level 5. HP: 21/42 MP: 5/9
  3180 | D:3      | Found a glowing golden altar of the Shining One.
  3545 | D:4      | Noticed a necrophage
  3553 | D:4      | Killed a necrophage
  3554 | D:4      | Reached XP level 6. HP: 18/49 MP: 9/11
  3961 | D:3      | HP: 1/49 [gnoll/+0 flail (3)]
  3970 | D:3      | HP: 1/49 [something (3)]
  3972 | D:2      | Killed from afar by an orc wizard

Illustrated notes

Levels and vault maps discovered:
D:1:      dpeg_arrival_tiny_k, layout_loops_ring, hex_large,
          chequers_serial_rivers_marsh
D:2:      layout_basic, basic_ecumenical_altar, serial_shops, shop,
          minmay_misc_feat_room
D:3:      layout_basic, marbit_many_paths, nicolae_tso_carved_into_rock,
          serial_bayou_lake_a
D:4:      layout_layer_cave, nicolae_dithmenos_the_darkroom, uniq_eustachio

Skill      XL: |  1  2  3  4  5 |
---------------+----------------+-----
Spellcasting   | 2 3 |  3.4
Necromancy     | 5 6 |  6.6
Maces & Flails | 1 2 |  2.4
Dodging        | |  2.1
Stealth        | |  2.4

Action                   |  1- 3 |  4- 6 || total
-------------------------+-------+-------++-------
Melee: Unarmed           |     5 |       ||     5
       Club              |     4 |    11 ||    15
       Whip              |       |    34 ||    34
 Cast: Pain              |    66 |    16 ||    82
       Vampiric Draining |     5 |    32 ||    37
Armor: Robe              |     2 |     8 ||    10
Dodge: Dodged            |    11 |    36 ||    47

Table legend: (Time is in decaauts)
 A = Elapsed time spent in this place.
 B = Non-inter-level travel time spent in this place.
 C = Inter-level travel time spent in this place.
 D = Time resting spent in this place.
 E = Time spent auto-exploring this place.
 F = Levels seen in this place.
 G = Mean time per level.
                   A        B        C        D        E       F      G
               +--------+--------+--------+--------+--------+-----+--------+
         Total |   4021 |   3792 |    229 |   1582 |   1505 |   4 | 1005.2 |
       Dungeon |   4021 |   3792 |    229 |   1582 |   1505 |   4 | 1005.2 |
               +--------+--------+--------+--------+--------+-----+--------+

Top non-repeatable levels by time:
     D:3: 1335 daAuts
     D:1: 1266 daAuts
     D:2: 1154 daAuts
     D:4: 265 daAuts
